Map: Ghost River LE

Players

assdadad - Winner!

  • Race: Protoss Protoss
  • Spawn Location: 11:00

McNasty

  • Race: Terran Terran
  • League: Platinum
  • Spawn Location: 1:00

VOD

Have the link to the VOD?

Description

Time

  • Played on: Sept. 18, 2024, 1:26 a.m.
  • Length: 20:04
Show
View Real Time Build Order
Export as new Build Order

assdadad Protoss - Winner!

Build Orders: Carriers, Colossus Rush 

Get SALT Encoding   

  12  0:00  Probe  
  13  0:12  Probe  
  14  0:17  Pylon  
  14  0:24  Probe  
  15  0:35  Gateway  
  15  0:38  Probe  
  16  0:48  Assimilator  
  16  0:51  Probe  
  16  0:53  Assimilator  
  17  1:03  Probe (Chrono Boost)  
  18  1:06  Pylon  
  18  1:15  Probe (Chrono Boost)  
  19  1:21  Probe (Chrono Boost)  
  19  1:23  Cybernetics Core  
  20  1:29  Probe  
  21  1:41  Probe  
  22  1:53  Nexus  
  22  2:00  Warp Gate  
  22  2:02  Stalker (Chrono Boost)  
  24  2:11  Probe  
  25  2:18  Pylon  
  25  2:23  Probe  
  25  2:36  Probe  
  26  2:40  Stalker  
  28  2:49  Probe  
  29  2:51  Robotics Facility  
  29  3:00  Pylon  
  29  3:01  Probe (Chrono Boost)  
  30  3:06  Probe (Chrono Boost)  
  32  3:13  Probe (Chrono Boost)  
  32  3:16  Probe (Chrono Boost)  
  32  3:19  Gateway  
  33  3:22  Gateway  
  33  3:23  Probe (Chrono Boost)  
  33  3:26  Probe (Chrono Boost)  
  36  3:37  Pylon  
  36  3:38  Probe (Chrono Boost)  
  36  3:39  Observer  
  36  3:40  Probe (Chrono Boost)  
  38  3:43  Probe (Chrono Boost)  
  38  3:46  Probe  
  40  3:50  Assimilator  
  40  3:53  Assimilator, Stalker  
  42  3:56  Probe  
  42  4:01  Probe  
  44  4:03  Pylon  
  44  4:08  Probe  
  45  4:12  Immortal  
  45  4:15  Probe  
  50  4:20  Probe, Pylon  
  51  4:27  Probe  
  51  4:30  Stalker x2  
  56  4:36  Twilight Council  
  56  4:39  Probe  
  56  4:40  Probe  
  56  4:45  Pylon  
  58  4:51  Probe  
  58  4:52  Probe  
  60  4:57  Robotics Bay  
  60  5:04  Stalker  
  60  5:05  Stalker  
  64  5:13  Charge (Chrono Boost)  
  64  5:16  Forge  
  64  5:22  Zealot  
  64  5:24  Pylon  
  68  5:38  Nexus, Colossus (Chrono Boost)  
  72  5:58  Photon Cannon  
  72  5:59  Photon Cannon  
  72  6:03  Photon Cannon  
  72  6:06  Photon Cannon  
  72  6:11  Extended Thermal Lance (Chrono Boost)  
  72  6:19  Colossus  
  72  6:31  Protoss Ground Weapons Level 1 (Chrono Boost)  
  72  6:32  Probe x2  
  80  6:39  Zealot x3  
  86  6:44  Probe x2  
  86  6:46  Blink  
  88  6:50  Assimilator  
  88  6:55  Assimilator  
  88  6:56  Stargate  
  88  6:59  Pylon  
  88  7:00  Pylon  
  88  7:05  Probe x3  
  91  7:10  Pylon  
  91  7:17  Probe x2, Immortal  
  97  7:25  Probe  
  97  7:27  Pylon  
  97  7:29  Probe x2  
  100  7:37  Probe  
  100  7:40  Photon Cannon  
  100  7:41  Probe x2  
  100  7:44  Gravitic Boosters  
  103  7:49  Probe  
  103  7:50  Stalker x3  
  110  7:53  Probe x2  
  112  8:01  Fleet Beacon  
  112  8:04  Probe  
  113  8:12  Nexus  
  113  8:21  Zealot x3  
  119  8:31  Stargate  
  119  8:33  Stargate  
  119  8:36  Immortal  
  123  8:46  Pylon  
  123  8:47  Stalker x3, Pylon  
  129  8:50  Pylon  
  129  9:01  Gateway x2  
  129  9:05  Gateway  
  129  9:06  Pylon  
  125  9:22  Stalker x3  
  135  9:24  Carrier  
  135  9:37  Colossus  
  141  9:40  Carrier  
  147  9:50  Photon Cannon  
  147  9:51  Photon Cannon  
  147  9:52  Zealot x3  
  152  10:02  Forge  
  152  10:04  Forge  
  152  10:06  Pylon  
  150  10:28  Zealot x4  
  116  10:29  Zealot x2  
  116  10:30  Carrier (Chrono Boost)  
  106  10:38  Colossus (Chrono Boost)  
  106  10:40  Carrier (Chrono Boost)  
  112  10:47  Carrier (Chrono Boost)  
  106  11:23  Probe x4  
  106  11:24  Carrier (Chrono Boost)  
  116  11:28  Assimilator  
  116  11:29  Carrier (Chrono Boost)  
  116  11:30  Assimilator  
  122  11:35  Carrier, Probe x2  
  130  11:40  Zealot x3  
  130  11:41  Zealot  
  132  11:55  Stalker x2  
  130  12:04  Probe x3  
  130  12:05  Probe  
  132  12:16  Probe x3  
  132  12:17  Probe  
  132  12:21  Stalker x3, Carrier  
  148  12:28  Probe x2  
  148  12:29  Probe x2  
  152  12:32  Observer (Chrono Boost)  
  152  12:36  Carrier  
  159  12:47  Observer (Chrono Boost)  
  160  12:58  Carrier, Colossus  
  166  13:02  Probe  
  173  13:07  Nexus  
  138  13:25  Carrier  
  134  13:37  Stalker x3  
  134  13:38  Stalker x3  
  146  13:41  Carrier  
  146  13:45  Assimilator  
  152  13:48  Assimilator  
  152  13:49  Probe x2  
  152  13:50  Pylon  
  152  13:51  Colossus (Chrono Boost)  
  160  14:00  Probe x2  
  160  14:01  Probe x2  
  160  14:02  Stalker x2  
  168  14:15  Protoss Ground Weapons Level 2 (Chrono Boost)  
  168  14:16  Protoss Ground Armor Level 1 (Chrono Boost)  
  168  14:22  Nexus  
  168  14:25  Protoss Shields Level 1 (Chrono Boost)  
  168  14:31  Stalker x2  
  172  14:42  Dark Shrine  
  172  14:43  Observer (Chrono Boost)  
  173  14:46  Assimilator  
  173  14:50  Zealot x2  
  173  14:51  Assimilator, Zealot  
  173  14:53  Pylon  
  173  14:55  Pylon  
  147  15:08  Colossus  
  147  15:11  Carrier  
  145  15:29  Zealot x5  
  145  15:30  Zealot  
  151  15:37  Gateway  
  151  15:39  Gateway  
  151  15:40  Probe x3  
  151  15:41  Gateway, Probe  
  143  15:48  Carrier (Chrono Boost)  
  141  15:52  Probe  
  124  15:57  Zealot  
  124  15:58  Zealot x5  
  124  16:00  Colossus  
  132  16:07  Gateway  
  132  16:08  Gateway  
  132  16:10  Gateway  
  126  16:13  Gateway  
  126  16:24  Probe x3  
  129  16:26  Stalker x2  
  129  16:27  Stalker x4  
  129  16:41  Carrier (Chrono Boost)  
  129  16:43  Carrier (Chrono Boost)  
  129  16:45  Colossus  
  141  16:52  Protoss Ground Weapons Level 3  
  141  16:53  Protoss Ground Armor Level 2  
  147  17:13  Zealot x6  
  141  17:51  Stalker x4  
  141  17:52  Stalker x5  
  141  17:53  Stalker x3  
  141  17:54  Stalker  
  123  18:13  Tempest x2  
  123  18:14  Tempest  
  137  18:24  Stalker x3  
  137  18:25  Stalker x7  
  137  18:26  Stalker  
  147  18:55  Zealot x7  
  157  18:56  Zealot x4, Tempest  
  162  19:34  Stalker x5  
  162  19:35  Stalker x6  
  162  19:36  Stalker  
  186  19:47  Nexus  
Show
View Real Time Build Order
Export as new Build Order

McNasty Terran 

Build Orders: Reaper Expand 

Get SALT Encoding   

  12  0:00  SCV  
  13  0:12  SCV  
  14  0:17  Supply Depot  
  14  0:24  SCV  
  15  0:38  SCV  
  15  0:40  Barracks  
  15  0:42  Refinery  
  16  0:50  SCV  
  17  1:02  SCV  
  18  1:15  SCV  
  19  1:27  Orbital Command, Reaper  
  20  1:41  Command Center  
  20  1:46  Supply Depot  
  20  1:53  SCV  
  21  1:59  Marine  
  22  2:05  SCV  
  23  2:15  Bunker  
  23  2:17  SCV  
  23  2:21  Factory  
  25  2:26  Refinery  
  25  2:29  SCV  
  26  2:35  Barracks Reactor  
  25  2:42  SCV  
  26  2:54  SCV  
  26  2:55  Orbital Command  
  27  3:05  Factory Tech Lab  
  27  3:06  SCV  
  27  3:07  Starport  
  27  3:11  Marine x2  
  30  3:18  SCV  
  31  3:26  SCV  
  32  3:29  Marine x2  
  32  3:30  SCV, Siege Tank  
  38  3:38  SCV  
  38  3:39  Supply Depot  
  39  3:42  SCV  
  39  3:45  Viking  
  39  3:47  Marine x2  
  44  3:50  SCV  
  44  3:54  SCV  
  46  3:58  Refinery  
  46  4:02  SCV  
  47  4:03  Siege Tank  
  47  4:06  SCV  
  51  4:14  SCV  
  52  4:18  SCV  
  52  4:21  Starport Tech Lab  
  52  4:22  Supply Depot  
  53  4:25  Engineering Bay  
  53  4:26  SCV  
  54  4:35  Barracks x2  
  54  4:43  Raven, SCV x2  
  58  4:47  Supply Depot  
  58  4:55  SCV x2  
  58  4:58  Terran Infantry Weapons Level 1, Command Center  
  60  5:03  Marine x2  
  62  5:08  SCV  
  62  5:09  SCV  
  64  5:14  Supply Depot  
  64  5:21  SCV  
  65  5:24  Barracks Tech Lab  
  65  5:25  Marine x2  
  65  5:27  Siege Tank  
  70  5:30  Starport Reactor  
  70  5:31  Supply Depot  
  70  5:35  Refinery  
  70  5:36  SCV x2, Engineering Bay  
  70  5:37  Marauder, Armory, Stimpack  
  74  5:44  Combat Shield  
  74  5:46  Marine x2, Marauder  
  78  5:53  SCV x2  
  80  5:57  Supply Depot x2  
  80  5:59  Marauder  
  80  6:04  Marine  
  82  6:05  SCV, Terran Infantry Armor Level 1  
  82  6:11  Orbital Command  
  84  6:14  Medivac  
  85  6:33  Viking  
  85  6:34  Orbital Command  
  87  6:41  Marine  
  87  6:42  Marine, Marauder x2  
  87  6:44  Viking  
  95  6:47  Terran Vehicle Weapons Level 1  
  95  6:48  Barracks  
  95  6:49  Barracks  
  95  6:53  Siege Tank  
  98  6:57  SCV x2  
  98  6:58  Supply Depot  
  98  6:59  Marine x2  
  98  7:00  Supply Depot  
  102  7:02  SCV  
  102  7:03  Marauder x2  
  107  7:09  SCV  
  108  7:16  SCV  
  108  7:17  SCV  
  108  7:18  Terran Infantry Weapons Level 2  
  108  7:20  Concussive Shells  
  108  7:21  SCV  
  111  7:25  Siege Tank  
  111  7:27  Marine x2  
  111  7:28  Marauder x2  
  111  7:29  SCV x2  
  122  7:33  SCV  
  122  7:34  Refinery  
  122  7:35  Refinery  
  123  7:37  Supply Depot  
  123  7:39  Barracks Tech Lab x2, Supply Depot  
  123  7:41  SCV x2  
  125  7:45  SCV  
  126  7:51  Marine x2, Marauder  
  126  7:52  Marauder  
  126  7:53  SCV  
  133  7:59  SCV x2, Siege Tank, Viking  
  133  8:01  Marauder  
  133  8:02  Marauder  
  133  8:05  Supply Depot  
  144  8:06  Supply Depot  
  144  8:07  Supply Depot  
  144  8:08  Terran Infantry Armor Level 2  
  144  8:09  Marine x2  
  146  8:16  Marauder  
  148  8:26  Medivac  
  148  8:27  Marauder  
  152  8:32  Supply Depot x2  
  152  8:34  Supply Depot  
  152  8:36  Command Center  
  152  8:39  Marauder  
  152  8:41  Medivac  
  156  8:43  Terran Vehicle Weapons Level 2  
  156  8:57  Supply Depot  
  156  8:58  Missile Turret  
  156  9:23  Marine x2, Marauder x4  
  166  9:28  Siege Tank  
  166  9:29  Viking x2  
  173  9:34  Barracks  
  173  9:36  Barracks  
  173  9:40  Barracks  
  173  9:41  Starport, Terran Infantry Weapons Level 3  
  173  9:44  Marauder  
  173  9:45  Marauder x2  
  179  9:49  Orbital Command  
  179  10:11  SCV  
  179  10:12  SCV x2  
  182  10:16  Sensor Tower  
  182  10:20  Orbital Command  
  182  10:21  Starport Reactor, Ghost Academy  
  182  10:23  SCV  
  182  10:24  SCV x2  
  163  10:28  Refinery  
  163  10:29  Refinery  
  149  10:36  SCV x3  
  152  10:50  SCV  
  152  10:51  SCV x3  
  152  10:54  Personal Cloaking  
  156  11:02  SCV  
  156  11:03  SCV x3  
  157  11:09  Viking x4  
  151  11:11  Barracks Reactor  
  151  11:12  Barracks Tech Lab, Barracks Reactor  
  151  11:14  SCV  
  151  11:17  Ghost x4  
  158  11:27  Terran Infantry Armor Level 3  
  158  11:28  Terran Ship Weapons Level 1  
  158  11:30  Missile Turret x2  
  158  11:31  Missile Turret  
  158  11:32  Missile Turret  
  158  11:33  Marine  
  158  11:34  Marine  
  158  11:35  Siege Tank  
  158  11:38  Fusion Core  
  163  11:44  Command Center  
  163  11:45  Ghost  
  165  11:50  Command Center  
  165  11:52  Marine x7  
  165  11:53  Marine x3  
  155  12:07  Viking x4  
  146  12:10  Marine x2  
  128  12:28  Marine  
  128  12:29  Marine x10  
  139  12:37  Viking x2  
  143  12:46  Marine, Missile Turret x2  
  143  12:47  Marine x5, Missile Turret  
  143  12:50  Marine x5  
  154  12:57  Sensor Tower, Viking  
  154  12:58  Viking  
  154  13:04  Marine x2  
  158  13:09  Orbital Command  
  153  13:16  Marine x6  
  153  13:17  Marine x2  
  134  13:23  Marine x3  
  134  13:24  Viking x2  
  126  13:27  Viking  
  122  13:34  Marine x8  
  122  13:36  Viking  
  122  13:40  Marine  
  122  13:41  Marine x2, Missile Turret x2  
  130  13:43  Missile Turret  
  130  13:46  Missile Turret  
  132  13:52  Marine x7  
  132  13:53  Planetary Fortress  
  132  13:54  Viking  
  141  13:58  Marine  
  141  13:59  Marine x3  
  141  14:01  Refinery  
  145  14:02  Refinery  
  145  14:04  Barracks  
  145  14:05  Barracks  
  145  14:07  Hi-Sec Auto Tracking, Barracks, Neosteel Armor  
  145  14:08  Terran Ship Weapons Level 2  
  145  14:09  Marine  
  145  14:10  Marine x2  
  145  14:13  Marine  
  145  14:14  Marine x3  
  145  14:16  Marine x2  
  145  14:17  Marine x2, Viking x3  
  162  14:25  Viking  
  162  14:27  Marine  
  162  14:28  Marine x2  
  167  14:31  Marine x2  
  167  14:32  Marine x2  
  167  14:34  Marine x4  
  167  14:35  Armory  
  167  14:38  Weapon Refit  
  175  14:40  SCV x5  
  175  14:45  Starport x2  
  180  14:46  Starport  
  180  14:47  Viking  
  180  14:52  SCV  
  182  14:54  Starport  
  152  15:01  Marine x6  
  152  15:02  Marine x5  
  152  15:05  Viking  
  142  15:12  Orbital Command  
  127  15:19  Marine x11  
  125  15:23  Starport Tech Lab x3  
  120  15:37  Marine x11  
  126  15:43  Starport Tech Lab  
  116  15:54  Marine  
  116  15:55  Marine x10  
  113  16:09  Battlecruiser  
  113  16:10  Battlecruiser x2  
  129  16:12  Marine  
  129  16:16  Battlecruiser  
  135  16:47  Command Center  
  135  16:48  Starport Tech Lab  
  135  16:51  Terran Ship Weapons Level 3  
  135  16:52  Terran Vehicle And Ship Armor Level 1  
  135  17:02  Command Center  
  135  17:13  Battlecruiser  
  135  17:14  Battlecruiser  
  135  17:15  Battlecruiser x2, Sensor Tower  
  159  17:19  Sensor Tower  
  159  17:29  Battlecruiser  
  141  18:06  Orbital Command  
  141  18:13  Starport  
  141  18:14  Starport x2  
  141  18:17  Battlecruiser  
  141  18:18  Battlecruiser  
  141  18:19  Battlecruiser x2  
  153  18:33  Battlecruiser  
  145  18:57  Starport Tech Lab x2  
  145  18:58  Starport Tech Lab  
  145  19:07  Marauder x5  
  143  19:18  Orbital Command  
  161  19:28  Marauder  
  161  19:29  Marauder x4  
Tags
 
Add a new tag
Caveats
  • Supply blocks, unpowered buildings, or Contaminate may cause inaccurate times.
  • Supply counts are checked every 10 seconds.